 Dungeon Crawl Stone Soup version 0.23-a0-164-g7711e57 (webtiles) character file.

84 vinnietd the Skirmisher (level 4, 40/40 HPs)
             Began as a Centaur Fighter on Sept 10, 2018.
             Quit the game on level 2 of the Dungeon.
             The game lasted 00:02:56 (1434 turns).

vinnietd the Skirmisher (Centaur Fighter)           Turns: 1434, Time: 00:02:56

Health: 40/40      AC:  7    Str: 19    XL:     4   Next: 24%
Magic:  4/4        EV:  3    Int:  7    God:
Gold:   61         SH:  8    Dex:  9    Spells: 3/3 levels left

rFire    . . .     SeeInvis .   a - +0 war axe
rCold    . . .     Gourm    .   c - +0 shield
rNeg     . . .     Faith    .   i - +0 chain mail
rPois    .         Spirit   .   (no helmet)
rElec    .         Reflect  .   (no cloak)
rCorr    .         Harm     .   (no gloves)
MR       .....                  (no barding)
Stlth    ..........             (no amulet)
HPRegen  0.13/turn              (no ring)
MPRegen  0.09/turn              (no ring)

@: very quick
A: large, hooves 3, deformed body, speed 2, tough skin 3
a: no special abilities


You were on level 2 of the Dungeon.
You were not hungry.

You visited 1 branch of the dungeon, and saw 2 of its levels.

You collected 61 gold pieces.

Inventory:

Hand Weapons
 a - a +0 war axe (weapon)
Armour
 c - a +0 shield (worn)
 i - a +0 chain mail (worn)
Scrolls
 b - a scroll of enchant armour {unknown}
 e - 3 scrolls of identify {unknown}
Potions
 d - a potion of might
 g - a potion of heal wounds {unknown}
 h - a potion of mutation {unknown}
 j - 2 potions of flight {unknown}
 k - a potion of curing {unknown}
 m - 2 potions of lignification {unknown}
Comestibles
 f - a ration
 l - 9 chunks of flesh


   Skills:
 + Level 3.7 Fighting
 * Level 3.5 Axes
 - Level 2.1 Armour
 - Level 2.1 Shields


You had 3 spell levels left.
You didn't know any spells.
Your spell library was empty.

Dungeon Overview and Level Annotations

Branches:
Dungeon (2/15)

Altars:


Innate Abilities, Weirdness & Mutations

You have hooves in place of feet.
Armour fits poorly on your strangely shaped body.
You cover ground very quickly.
You have extremely tough skin. (AC +3)


Message History

A bat comes into view.
A bat is nearby!
A bat is nearby!
The bat hits you but does no damage. You block the bat's attack.
The bat hits you but does no damage.
Some of the chunks of flesh in your inventory have rotted away.
You hit the bat. You kick the bat.
You kill the bat!
No target in view!
No target in view!
No target in view!
No target in view!
No target in view!
No target in view!
No target in view!
No target in view!
Are you sure you want to abandon this character and quit the game? (Confirm
Okay, then.
Are you sure you want to abandon this character and quit the game? (Confirm

.# ######## .#
.......# ###.#
.......# #######...##
.......# #..........#
.......# #..........#
.......###......†...#
.......'.'......@...#
.......###..........#
.......# #..........#
.......# #...(......#
.......# #..........#
######## ############


There were no monsters in sight!

Vanquished Creatures
  2 adders
  An ooze (D:1)
  2 worms (D:2)
  2 dart slugs
  2 leopard geckos
  8 bats
  A giant cockroach (D:2)
  6 goblins
  5 hobgoblins
  3 jackals (D:1)
  2 frilled lizards
  6 kobolds
  9 rats
49 creatures vanquished.

Notes
Turn   | Place    | Note
-------+----------+-------------------------------------------
     0 | D:1      | vinnietd the Centaur Fighter began the quest for the Orb.
     0 | D:1      | Reached XP level 1. HP: 19/19 MP: 1/1
    94 | D:1      | Reached XP level 2. HP: 26/26 MP: 2/2
   587 | D:1      | Reached XP level 3. HP: 31/31 MP: 3/3
  1333 | D:2      | Reached XP level 4. HP: 38/40 MP: 4/4
  1434 | D:2      | Quit the game

Vault maps used:
D:1:      dpeg_arrival_solitude
D:2:      nemelex_xobeh_ov_fountains_minmay,
          chequers_ecumenical_altar_simple_redux

Skill      XL: |  1  2  3 |
---------------+----------+-----
Axes           | 2 3 |  3.5
Fighting       | |  3.7
Armour         | |  2.1
Shields        | |  2.1

Action                   |  1- 3 |  4- 6 || total
-------------------------+-------+-------++-------
Melee: War axe           |   102 |    22 ||   124
       Kick              |    14 |     4 ||    18
  Eat: Chunk             |     1 |       ||     1
Armor: Scale mail        |    17 |       ||    17
       Chain mail        |    81 |    13 ||    94
Dodge: Dodged            |    17 |     1 ||    18
Block: Shield            |    58 |     8 ||    66

Table legend:
 A = Non-vault XP
 B = Vault XP
 C = Vault XP percentage of total XP
 D = Non-vault monster count
 E = Vault monster count
 F = Vault count percentage of total count
                 A         B        C        D         E       F
            +---------+---------+-------+---------+---------+-------
      Total |     121 |       0 |   0.0 |      49 |       0 |   0.0
            +---------+---------+-------+---------+---------+-------
        D:1 |      70 |       0 |   0.0 |      32 |       0 |   0.0
        D:2 |      51 |       0 |   0.0 |      17 |       0 |   0.0
            +---------+---------+-------+---------+---------+-------
